 Dungeon Crawl Stone Soup version 0.15-a0-2246-gfd41422 (webtiles) character file.

87 Chiseanne the Firebug (level 4, -6/30 HPs)
             Began as a Mummy Fire Elementalist on July 26, 2014.
             Mangled by a gnoll
             ... wielding a +0 spear
              (10 damage)
             ... on Level 2 of the Dungeon.
             The game lasted 00:06:49 (2483 turns).

Chiseanne the Firebug (Mummy Fire Elementalist)     Turns: 2483, Time: 00:06:49

HP  -6/30        AC  3     Str 11      XL: 4   Next: 28%
MP   1/8         EV 12     Int 15      God:
Gold 47          SH  0     Dex 12      Spells:  3 memorised,  2 levels left

rFire  x . .     SeeInvis +     f - +0 whip (vamp)
rCold  + . .     Clarity  .     a - +1 robe
rNeg   + + +     rCorr    .     (no shield)
rPois  +         rRot     +     (no helmet)
rElec  .         Spirit   .     (no cloak)
SustAb .         Warding  +     (no gloves)
rMut   .         Stasis   .     (no boots)
Gourm  .                        g - amulet of warding
MR     .....                    (no ring)
                                c - ring of see invisible

@: very slightly contaminated, not resistant to hostile enchantments, unstealthy
A: no food or potions, fire vulnerability, restore body, cold resistance 1,
negative energy resistance 3, poison resistance, torment resistance, unbreathing
a: no special abilities


You were on level 2 of the Dungeon.
You were not hungry.

You visited 1 branch of the dungeon, and saw 2 of its levels.

You collected 47 gold pieces.

Inventory:

Hand weapons
 e - a +2 dagger of venom
 f - a +0 vampiric whip (weapon)
Missiles
 h - 14 poisoned bolts
 i - 2 tomahawks (quivered)
 j - 24 arrows
Armour
 a - a +1 robe (worn)
 l - a +0 buckler
Scrolls
 d - 2 scrolls of identify
 k - 2 scrolls of blinking
Jewellery
 c - a ring of see invisible (left hand)
 g - an amulet of warding (around neck)
Books
 b - a book of Flames

   Spells                             Type                      Level
   *Flame Tongue                      Conjuration/Fire             1
   *Throw Flame                       Conjuration/Fire             2
   *Conjure Flame                     Conjuration/Fire             3
   Inner Flame                        Hexes/Fire                   3
   Sticky Flame                       Conjuration/Fire             4
   Fireball                           Conjuration/Fire             5


   Skills:
 - Level 1.8 Dodging
 - Level 1.6 Stealth
 * Level 2.7 Spellcasting
 * Level 2.1 Conjurations
 - Level 3.0 Fire Magic


You had 2 spell levels left.
You knew the following spells:

 Your Spells              Type           Power        Failure   Level  Hunger
a - Flame Tongue          Conj/Fire      #....        10%         1    N/A
b - Throw Flame           Conj/Fire      #.....       12%         2    N/A
c - Conjure Flame         Conj/Fire      #.......     24%         3    N/A

Dungeon Overview and Level Annotations

Branches:
Dungeon (2/15)

Altars:
Xom


Innate Abilities, Weirdness & Mutations

You do not eat or drink.
Your flesh is vulnerable to fire.
Your flesh is cold resistant.
You are immune to negative energy.
Your system is resistant to poisons.
You are immune to unholy pain and torment.
You can survive without breathing.


Message History

The gnoll is severely wounded.
The gnoll closely misses you. The gnoll hits you with a spear.
* * * LOW HITPOINT WARNING * * *
You hit the gnoll.
You feel better.
The gnoll is almost dead.
The gnoll hits you with a spear.
* * * LOW HITPOINT WARNING * * *
You closely miss the gnoll.
The gnoll is almost dead.
The gnoll barely misses you.
You barely miss the gnoll.
The gnoll is almost dead.
The gnoll hits you with a spear.
* * * LOW HITPOINT WARNING * * *
A gnoll comes into view. It is wielding a club.
You closely miss the gnoll.
The gnoll is almost dead.
The gnoll shouts!
The gnoll hits you with a spear!
You die...

###.#####.............<...#...
#...........######)#######..#.
#.#.#####...# #.# #..#. #.#.# #.#
#.# #..#. #%#># ##.## #..#.
###.#.# ##.#.######..#. #.....#
#.###.<...#..#.
##.#.#######.######..#.###.....#.
%..........."g.g@...#.###........
!....################.#........#.
##.#.# #.#.#.....##. ......#
#.#.##...###. #####.#
#............ .# ###........## .#
#####.##.# .# #.##.# .
########.##.#


You could see 2 gnolls.

Vanquished Creatures
  Ijyb (D:2)
  2 adders (D:2)
  A giant mite (D:1)
  A worm (D:2)
  2 giant geckos
  6 bats
  3 giant cockroaches (D:1)
  3 hobgoblins
  3 jackals (D:1)
  8 kobolds
  2 giant newts
  3 goblins
  4 rats
39 creatures vanquished.

Notes
Turn   | Place    | Note
--------------------------------------------------------------
     0 | D:1      | Chiseanne, the Mummy Fire Elementalist, began the quest for the Orb.
     0 | D:1      | Reached XP level 1. HP: 13/13 MP: 3/3
   468 | D:1      | Reached XP level 2. HP: 19/19 MP: 0/4
   472 | D:1      | Learned a level 2 spell: Throw Flame
   639 | D:1      | Reached skill level 1 in Conjurations
  1002 | D:1      | Found a shimmering altar of Xom.
  1060 | D:1      | Reached skill level 3 in Fire Magic
  1313 | D:1      | Reached XP level 3. HP: 24/24 MP: 1/6
  1837 | D:2      | Noticed Ijyb
  1856 | D:2      | Killed Ijyb
  1974 | D:2      | Reached XP level 4. HP: 30/30 MP: 4/8
  2012 | D:2      | Learned a level 3 spell: Conjure Flame
  2483 | D:2      | Mangled by a gnoll

Action                   |  1- 3 |  4- 6 || total
-------------------------+-------+-------++-------
Melee: Whip              |    48 |    26 ||    74
 Cast: Flame Tongue      |    54 |    21 ||    75
       Throw Flame       |     1 |     3 ||     4
  Use: Scroll            |     4 |       ||     4
